 Dungeon Crawl Stone Soup version 0.19-a0-32-gbfd796a (webtiles) character file.

165 M4edhros the Insei (level 5, -1/31 HPs)
             Began as an Octopode Necromancer on May 3, 2016.
             Slain by a centaur (4 damage)
             ... on level 5 of the Dungeon.
             The game lasted 00:03:29 (809 turns).

M4edhros the Insei (Octopode Necromancer)            Turns: 809, Time: 00:03:30

Health: -1/31      AC:  1    Str:  7    XL:     5   Next: 46%
Magic:  4/8        EV: 12    Int: 17    God:
Gold:   43         SH:  0    Dex: 14    Spells: 3 memorised, 3 levels left

rFire  . . .     SeeInvis .       - Unarmed
rCold  . . .     Gourm    .     (no shield)
rNeg   . . .     Faith    .     (helmet restricted)
rPois  .         Spirit   .     (no amulet)
rElec  .         Dismiss  .     (no ring)
rCorr  .         Reflect  .     (no ring)
SustAt .         Harm     .     (no ring)
MR     .....                    (no ring)
Stlth  +++.......               (no ring)
                                (no ring)
                                (no ring)
                                (no ring)

@: not resistant to hostile enchantments, fairly stealthy
A: almost no armour, amphibious, 8 rings, constrict 8, camouflage 1, gelatinous
body 1
a: no special abilities


You were on level 5 of the Dungeon.
You were hungry.

You visited 1 branch of the dungeon, and saw 5 of its levels.

You collected 43 gold pieces.

Inventory:

Wands
 e - a wand of random effects (2/48)
Scrolls
 c - a scroll of teleportation {unknown}
 h - a scroll of magic mapping {unknown}
 j - 2 scrolls of fog {unknown}
 k - a scroll of enchant weapon {unknown}
 l - a scroll of identify {unknown}
 n - a scroll of amnesia {unknown}
 o - a scroll of enchant armour {unknown}
Potions
 g - a potion of berserk rage {unknown}
 i - a potion of haste {unknown}
 m - a potion of lignification {unknown}
Books
 a - a book of Necromancy

   Spells                             Type                      Level
   a - Pain                           Necromancy                   1
   b - Animate Skeleton               Necromancy                   1
   c - Vampiric Draining              Necromancy                   3
   d - Regeneration                   Charms/Necromancy            3
   e - Animate Dead                   Necromancy                   4
   f - Control Undead                 Necromancy                   4
Comestibles
 b - a bread ration
 d - a slice of pizza
 f - 2 meat rations
 p - a beef jerky


   Skills:
 - Level 2.0 Dodging
 - Level 2.6 Stealth
 + Level 5.0 Unarmed Combat
 - Level 2.0 Spellcasting
 - Level 4.0 Necromancy


You had 3 spell levels left.
You knew the following spells:

 Your Spells              Type           Power        Failure   Level  Hunger
a - Pain                  Necr           ###.         3%          1    #......
b - Animate Skeleton      Necr           N/A          3%          1    #......
r - Regeneration          Chrm/Necr      #.........   24%         3    ###....


Dungeon Overview and Level Annotations

Branches:
Dungeon (5/15)
 Temple: D:4-7

Altars:
Elyvilon
Nemelex Xobeh

Annotations:
D:4 M4edhros's ghost, amateur OpNe


Innate Abilities, Weirdness & Mutations

You cannot wear most types of armour.
You are amphibious.
You can wear up to eight rings at the same time.
You can use your tentacles to constrict eight enemies at once.
Your skin changes colour to match your surroundings (Stealth).
Your rubbery body absorbs attacks (AC +1).


Message History

Evoke which item? (* to show all) (? for menu, Esc to quit)
Zapping:
e - a wand of random effects (will waste charges)
Press: ? - help, Shift-Dir - straight line, f - centaur
Aim: a centaur The centaur resists with significant effort.
Evoking this partially-identified wand wasted a few charges.
The centaur barely misses you.
Evoke which item? (* to show all) (? for menu, Esc to quit)
Zapping:
e - a wand of random effects {zapped: 2} (will waste charges)
Press: ? - help, Shift-Dir - straight line, f/p - centaur
Aim: a centaur The mass of ice explodes!
The iceblast engulfs the centaur.
The centaur is moderately wounded.
The iceblast engulfs you!
Evoking this partially-identified wand wasted a few charges.
Your skin stops crawling.
The centaur hits you!
* * * LOW HITPOINT WARNING * * *
The centaur hits you.
You die...

## ##
#. .#
#.##.#
#..c.#
#%.@.#
#.#.##
#
#..###
#<...#
##.#.#
.#$..
## ###


You could see a centaur.

Vanquished Creatures
  A giant frog (D:3)
  A crimson imp (D:4)
  A hound skeleton (D:4)
  3 adders
  An ooze (D:1)
  3 orcs
  2 giant cockroaches (D:3)
  3 goblins
  2 hobgoblins
  2 kobolds
  A quokka (D:3)
  A bat (D:2)
  3 giant newts
24 creatures vanquished.

Notes
Turn   | Place    | Note
--------------------------------------------------------------
     0 | D:1      | M4edhros the Octopode Necromancer began the quest for the Orb.
     0 | D:1      | Reached XP level 1. HP: 11/11 MP: 3/3
    67 | D:1      | Reached skill level 1 in Unarmed Combat
   182 | D:1      | Reached XP level 2. HP: 16/17 MP: 5/5
   260 | D:2      | Reached skill level 2 in Unarmed Combat
   271 | D:2      | Learned a level 1 spell: Animate Skeleton
   319 | D:3      | Reached XP level 3. HP: 19/21 MP: 6/6
   333 | D:3      | Learned a level 3 spell: Regeneration
   336 | D:3      | Noticed a giant frog
   375 | D:3      | Killed a giant frog
   375 | D:3      | Reached skill level 4 in Unarmed Combat
   375 | D:3      | Reached XP level 4. HP: 12/27 MP: 1/7
   408 | D:3      | Found a white marble altar of Elyvilon.
   584 | D:4      | Reached XP level 5. HP: 25/31 MP: 8/8
   595 | D:4      | Found a sparkling altar of Nemelex Xobeh.
   717 | D:4      | Noticed M4edhros's ghost (amateur OpNe)
   735 | D:4      | Reached skill level 5 in Unarmed Combat
   804 | D:5      | Entered Level 5 of the Dungeon
   804 | D:5      | Noticed a centaur
   809 | D:5      | Slain by a centaur

Vault maps used:
D:1:      dpeg_arrival_another_circle, serial_corexii_hall,
          corexii_hall_statues_i, corexii_hall_statues_s
D:2:      first_bread
D:3:      minitemple, serial_park_tiny_2, elyvilon_altar_4
D:4:      nemelex_xobeh_ov_fountains_minmay, uniq_natasha
D:5:      corexii_shack_village, bloody_makhleb, minmay_temple_entry_fiery

Skill      XL: |  1  2  3  4  5 |
---------------+----------------+-----
Unarmed Combat | 1 2 4 5 |  5.0
Dodging        | |  2.0
Stealth        | |  2.6
Spellcasting   | |  2.0
Necromancy     | |  4.0

Action                   |  1- 3 |  4- 6 || total
-------------------------+-------+-------++-------
Melee: Unarmed           |    29 |    24 ||    53
       Tentacles         |     4 |     4 ||     8
       Constrict         |     6 |     4 ||    10
       Punch             |     1 |     1 ||     2
 Cast: Pain              |     5 |     2 ||     7
       Animate Skeleton  |     1 |     1 ||     2
       Regeneration      |     3 |     4 ||     7
Evoke: Wand              |       |     2 ||     2
 Stab: Sleeping          |     9 |     2 ||    11
Armor: Skin              |       |     1 ||     1
Dodge: Dodged            |    11 |    13 ||    24
